 Dungeon Crawl Stone Soup version 0.27-a0-1502-g47ed6a6988 (webtiles) character file.

Game seed: 6434036481416418795

2629 wakim the Conjurer (level 9, -5/50 HPs)
             Began as a Gargoyle Fire Elementalist on July 9, 2021.
             Was a Believer of Vehumet.
             Shot with a sling bullet by Joseph (18 damage)
             ... on level 7 of the Dungeon.
             The game lasted 00:21:39 (9111 turns).

wakim the Conjurer (Gargoyle Fire Elementalist)     Turns: 9111, Time: 00:21:39

Health: -5/50      AC:  9    Str: 12    XL:     9   Next: 61%
Magic:  9/15       EV: 13    Int: 19    God:    Vehumet [**....]
Gold:   449        SH:  0    Dex: 10    Spells: 4/16 levels left

rFire    + . .     SeeInvis .   b - +3 club (spect)
rCold    . . .     Faith    .   (no shield)
rNeg     + + .     Spirit   .   c - +0 robe {Will+}
rPois    ∞         Reflect  .   o - +0 helmet
rElec    +         Harm     .   (no cloak)
rCorr    .         Rampage  .   (no gloves)
Will     +....                  (no boots)
Stlth    ++........             (no amulet)
HPRegen  0.16/turn              g - ring of protection from fire
MPRegen  0.14/turn              l - ring of positive energy

@: no status effects
A: sickness immunity, AC +6, negative energy resistance 1, electricity
resistance, torment resistance 1, petrification resistance
a: Renounce Religion


You were on level 7 of the Dungeon.
You worshipped Vehumet.
Vehumet was pleased with you.
You visited 2 branches of the dungeon, and saw 8 of its levels.

You collected 449 gold pieces.

Inventory:

Hand Weapons
 a - the +12 shortbow "Kimodul" {freeze, rC+ Int+4}
   (You found it on level 5 of the Dungeon)

   It causes projectiles fired from it to freeze those they strike, causing
   extra injury to most foes and up to half again as much damage against
   particularly susceptible opponents.
   They can also slow down cold-blooded creatures.
   Int:       It affects your intelligence (+4).
   rC:        It protects you from cold.
 b - a +3 spectral club (weapon)
Missiles
 k - 51 arrows
Armour
 c - a +0 robe of willpower (worn)
 i - the +1 scale mail "Muqymirch" {rC+ Will+ Stlth+}
   (You found it on level 5 of the Dungeon)

   rC:        It protects you from cold.
   Will:      It increases your willpower.
   Stlth:     It makes you more stealthy.
 o - a +0 helmet (worn)
Jewellery
 f - a ring of positive energy
 g - a ring of protection from fire (left hand)
 l - a ring of positive energy (right hand)
Wands
 u - a wand of mindburst (11)
 x - a wand of iceblast (14)
Scrolls
 e - a scroll of enchant armour
 h - a scroll of torment {!r}
 n - a scroll of amnesia {unknown}
 r - 3 scrolls of identify
 Q - a scroll of immolation {!r!r}
 T - a scroll of teleportation
 U - a scroll of fear
 W - a scroll of holy word
 X - 3 scrolls of fog
Potions
 d - a potion of berserk rage {unknown}
 j - 2 potions of curing {unknown}
 m - a potion of magic {unknown}
 p - a potion of brilliance {unknown}
 G - 2 potions of flight
 L - a potion of lignification {!q}


   Skills:
 - Level 3.0 Fighting
 + Level 6.2 Dodging
 - Level 2.1 Stealth
 + Level 4.2 Spellcasting
 * Level 6.7 Conjurations
 - Level 3.0 Translocations
 * Level 6.6 Fire Magic


You had 4 spell levels left.
You knew the following spells:

 Your Spells              Type           Power      Damage    Failure   Level
a - Foxfire               Conj/Fire      100%       2x1d9     1%          1
b - Blink                 Tloc           N/A        N/A       6%          2
q - Sticky Flame          Conj/Fire      29%        2d5       9%          4
x - Fireball              Conj/Fire      14%        3d8       24%         5

Your spell library contained the following spells:

 Spells                   Type           Power      Damage    Failure   Level
 Searing Ray              Conj           58%        3d5       1%          2
 Conjure Flame            Conj/Fire      29%        6-21      2%          3
 Apportation              Tloc           30%        N/A       4%          1
 Inner Flame              Hex/Fire       16%        N/A       11%         3
 Gell's Gravitas          Tloc           7%         N/A       12%         3
 Lesser Beckoning         Tloc           7%         N/A       12%         3
 Teleport Other           Tloc           15%        N/A       12%         3
 Animate Skeleton         Necr           8%         N/A       14%         1
 Corona                   Hex            4%         N/A       14%         1
 Summon Small Mammal      Summ           16%        N/A       14%         1
 Slow                     Hex            4%         N/A       21%         2
 Confusing Touch          Hex            4%         N/A       38%         3
 Vampiric Draining        Necr           2%         2d6       38%         3
 Animate Dead             Necr           2%         N/A       80%         4
 Manifold Assault         Tloc           15%        N/A       73%         5
 Haunt                    Necr/Summ      2%         N/A       100%        7
 Infestation              Necr           2%         N/A       100%        8


Dungeon Overview and Level Annotations

Branches:
Dungeon (7/15)             Temple (1/1) D:4

Altars:
Ashenzari
Dithmenos
Fedhas
Gozag
Hepliaklqana
Kikubaaqudgha
Makhleb
Nemelex Xobeh
Qazlal
Ru
Sif Muna
Trog
Uskayaw
Vehumet
Wu Jian
Xom
Yredelemnul
Zin
The Shining One

Shops:
D:4 :   D:6 (

Annotations:
D:7 Joseph


Innate Abilities, Weirdness & Mutations

You are immune to sickness and miasma.
Your stone body is resilient. (AC +6)
You are immune to poison.
You resist negative energy. (rN+)
You are resistant to electric shocks. (rElec)
You are resistant to unholy torment.
You are immune to petrification.


Message History

Joseph, a Mercenary comes into view.
He is wielding a +1 quarterstaff of speed and wearing a +0 leather armour of positive energy.
There is an open door here.
You see here a wand of iceblast (4).
You completely miss Joseph.
Your spectral +3 spectral club hits Joseph.
Joseph completely misses you.
Joseph hits you with a +1 quarterstaff of speed!
Casting: Sticky Flame (dangerous; 9% risk of failure)
Confirm with . or Enter, or press ? or * to list all spells.
Aiming: Sticky Flame (dangerous; 9% risk of failure)
Press: ? - help, Shift-Dir - straight line, f - Joseph
Aim: Joseph, wielding a +1 quarterstaff of speed, wearing a +0 leather armour of positive energy and quivering sling bullets (lightly wounded, 100% to hit)
The sticky flame hits Joseph!
Joseph is lightly wounded.
Joseph is covered in liquid flames!
Joseph burns!
Joseph hits you with a +1 quarterstaff of speed.
You hit Joseph but do no damage.
Joseph is moderately wounded.
Your spectral +3 spectral club hits Joseph.
Joseph burns!
Joseph barely misses you.
The swamp worm fires a harpoon shot at you.
The harpoon shot hits your spectral +3 spectral club!!
Your spectral weapon shares its damage with you!
Joseph misses you.
Joseph hits you with a +1 quarterstaff of speed!!
* * * LOW HITPOINT WARNING * * *
Casting: Sticky Flame (dangerous; 9% risk of failure)
Confirm with . or Enter, or press ? or * to list all spells.
Okay, then.
Okay, then.
You feel much better.
Joseph burns!
Joseph hits you with a +1 quarterstaff of speed!
* * * LOW HITPOINT WARNING * * *
Casting: Sticky Flame (dangerous; 9% risk of failure)
Confirm with . or Enter, or press ? or * to list all spells.
You blink.
Joseph burns!
Joseph stops burning.
Joseph unwields a +1 quarterstaff of speed.
Joseph wields a +0 hunting sling.
Joseph shoots a sling bullet.
The sling bullet hits you!!
You die...

###..#
#.##+##.....))..≈≈≈≈≈##
.....##
#.....#.....###≈≈≈≈≈≈≈#
......#
#.....#.....###≈≈###≈≈#
..†...#
#.....#.....##≈≈## #≈≈#
......###.....#######≈≈≈#
≈≈≈# #####..##.##+######
#≈≈## #≈≈#
##.##.##.##...###≈≈# ≈≈.
#.##.##.##...##.≈≈## ###
#..#.##.##.@.#..≈≈≈# ..#
##.#.....+...'...≈≈## ..#
#..###.##...#....≈≈PP≈
..#
##.###.##...#....≈w≈≈≈
..#
#..##.##...#..w..≈≈≈≈≈
..#
##.##.##..§#.........#
..# #.##.#....@..§.######
..# #.##.#....>§..[# ..#
#.##[#.........#


You could see Joseph and a swamp worm.

Vanquished Creatures
  A wyvern (D:6)
  A steam dragon (D:5)
  A water moccasin (D:6)
  Duvessa (D:5)
  A sky beast (D:5)
  An ice beast (D:5)
  A black bear (D:6)
  The ghost of p0werm0de the Skirmisher, an amateur DsFi (D:3)
  A necrophage (D:5)
  The ghost of raph the Digger, an amateur GrEE of Elyvilon (D:3)
  2 kobold brigands
  Dowan (D:5)
  10 scorpions
  An electric eel (D:6)
  A centaur zombie (D:5)
  A bullfrog zombie (D:6)
  2 bullfrog skeletons (D:5)
  3 jellies
  A hound (D:5)
  4 centaur skeletons
  Jessica (D:2)
  2 iguanas
  4 orc wizards
  A killer bee zombie (D:5)
  A howler monkey zombie (D:7)
  14 adders
  A shadow imp (D:5)
  An ufetubus (D:5)
  An adder skeleton (D:4)
  5 dart slugs
  18 orcs
  17 ball pythons
  7 endoplasms
  6 giant cockroaches
  4 goblins
  11 hobgoblins
  5 jackals
  12 kobolds
  4 quokkas
  8 bats
  4 frilled lizards
  4 rats
167 creatures vanquished.

Vanquished Creatures (others)
  531 foxfires
  2 plants (D:7)
  6 withered plants (D:3)
539 creatures vanquished.

Grand Total: 706 creatures vanquished

Notes
Turn   | Place    | Note
-------+----------+-------------------------------------------
     0 | D:1      | wakim the Gargoyle Fire Elementalist began the quest for
                  | the Orb.
     0 | D:1      | Reached XP level 1. HP: 10/10 MP: 3/3
   287 | D:1      | Reached XP level 2. HP: 15/15 MP: 0/5
   530 | D:1      | Reached XP level 3. HP: 16/19 MP: 0/6
  1353 | D:2      | Reached XP level 4. HP: 24/24 MP: 3/7
  1533 | D:1      | Learned a level 4 spell: Sticky Flame
  1988 | D:2      | Noticed Jessica
  2024 | D:2      | Killed Jessica
  2232 | D:2      | Learned a level 2 spell: Blink
  2479 | D:2      | Reached XP level 5. HP: 26/28 MP: 8/8
  2574 | D:2      | Found a faded altar of an unknown god.
  3486 | D:3      | Found a runed translucent gate.
  3486 | D:3      | Found a runed translucent gate.
  3486 | D:3      | Found a runed translucent gate.
  3487 | D:3      | Noticed p0werm0de's ghost (amateur DsFi)
  3488 | D:3      | Noticed raph's ghost (amateur GrEE)
  3810 | D:4      | Found a staircase to the Ecumenical Temple.
  3820 | Temple   | Entered the Ecumenical Temple
  4034 | Temple   | Became a worshipper of Vehumet
  4113 | D:4      | Found Uhon's Book Boutique.
  4166 | D:4      | Reached skill level 5 in Fire Magic
  4166 | D:4      | Reached XP level 6. HP: 30/32 MP: 4/9
  4885 | D:4      | Found a sacrificial altar of Ru.
  4886 | D:4      | Found a sparkling altar of Nemelex Xobeh.
  4887 | D:4      | Found a burning altar of Makhleb.
  4887 | D:4      | Found a broken altar of Ashenzari.
  4997 | D:5      | Entered Level 5 of the Dungeon
  5000 | D:5      | Noticed Dowan
  5014 | D:4      | Reached XP level 7. HP: 23/36 MP: 2/10
  5311 | D:5      | Reached skill level 5 in Conjurations
  5480 | D:5      | Reached * piety under Vehumet
  5480 | D:5      | Offered knowledge of Sandblast by Vehumet.
  5547 | D:5      | Reached XP level 8. HP: 41/41 MP: 5/11
  5551 | D:5      | Identified the +1 scale mail "Muqymirch" {rC+ Will+ Stlth+}
  5779 | D:5      | Identified the +12 shortbow "Kimodul" {freeze, rC+ Int+4}
  6076 | D:5      | Noticed Duvessa
  6083 | D:5      | Killed Duvessa
  6084 | D:5      | Reached skill level 5 in Dodging
  6086 | D:5      | Killed Dowan
  6272 | D:5      | Reached skill level 1 in Fighting
  6358 | D:5      | Reached skill level 1 in Translocations
  6574 | D:6      | Reached XP level 9. HP: 47/50 MP: 8/13
  6942 | D:6      | Found Iguemose's Firing Range.
  7195 | D:6      | Offered knowledge of Searing Ray by Vehumet.
  7600 | D:6      | Reached ** piety under Vehumet
  7884 | D:6      | Learned a level 5 spell: Fireball
  8051 | D:3      | Killed p0werm0de's ghost
  8351 | D:3      | Killed raph's ghost
  8602 | D:7      | Found a shimmering blue altar of Sif Muna.
  9100 | D:7      | Noticed Joseph
  9111 | D:7      | Shot with a sling bullet by Joseph

Illustrated notes

Levels and vault maps discovered:
D:1:      kilobyte_arrival_exit_the_forest, layout_rooms
D:2:      layout_basic, dilly_ecumenical_altar_fadedgnrine, minmay_pentomino_z4,
          uniq_jessica
D:3:      layout_rooms, gammafunk_ghost_cemetery, serial_glass, glass_columns_a,
          glass_columns_c, glass_columns_a, glass_columns_a,
          kennysheep_generic_room_9
D:4:      layout_loops_cross, mainiacjoe_overflow_alcove_3,
          minmay_temple_entry_mini_moons, serial_shops, shop, minmay_bisected
D:5:      layout_basic, minmay_divided_ellipse, uniq_duvessa
D:6:      layout_loops_corners, eino_tiny_chamber, minivault_19,
          minmay_crystal_water, grunt_decor_fettered, st_stairs_14,
          nicolae_shop_firing_range
D:7:      layout_basic, mainiacjoe_overflow_cross_hatched,
          kennysheep_little_box, worms_lemuel, uniq_joseph
Temple:   bh_familiar_temple

Skill      XL: |  1  2  3  4  5  6  7  8  9 |
---------------+----------------------------+-----
Dodging        | 2 3 4 6 |  6.2
Fire Magic     | 4 5 6 |  6.6
Conjurations   | 2 3 4 6 |  6.7
Fighting       | 3 |  3.0
Translocations | 1 3 |  3.0
Spellcasting   | 4 |  4.2
Stealth        | |  2.1

Action                   |  1- 3 |  4- 6 |  7- 9 || total
-------------------------+-------+-------+-------++-------
Melee: Unarmed           |     5 |       |       ||     5
       Dagger            |     4 |     9 |       ||    13
       Club              |       |    52 |    52 ||   104
 Fire: Shortbow          |       |       |    11 ||    11
 Cast: Foxfire           |    63 |   106 |   135 ||   304
       Sticky Flame      |       |     2 |    10 ||    12
       Fireball          |       |       |     3 ||     3
       Blink             |       |       |     2 ||     2
  Use: Scroll            |       |    10 |     3 ||    13
       Potion            |       |       |     1 ||     1
 Stab: Sleeping          |       |     2 |       ||     2
Armor: Robe              |     6 |    38 |    45 ||    89
Dodge: Dodged            |    14 |    77 |    69 ||   160

Table legend: (Time is in decaauts)
 A = Elapsed time spent in this place.
 B = Non-inter-level travel time spent in this place.
 C = Inter-level travel time spent in this place.
 D = Time resting spent in this place.
 E = Time spent auto-exploring this place.
 F = Levels seen in this place.
 G = Mean time per level.
                   A        B        C        D        E       F      G
               +--------+--------+--------+--------+--------+-----+--------+
         Total |   9162 |   8599 |    563 |     29 |   7210 |   8 | 1145.2 |
       Dungeon |   8920 |   8384 |    536 |     29 |   7022 |   7 | 1274.3 |
        Temple |    242 |    215 |     27 |      0 |    188 |   1 |  242.0 |
               +--------+--------+--------+--------+--------+-----+--------+

Top non-repeatable levels by time:
     D:2: 1534 daAuts
     D:6: 1451 daAuts
     D:5: 1425 daAuts
     D:1: 1348 daAuts
     D:3: 1335 daAuts
     D:4: 1275 daAuts
     D:7: 548 daAuts
  Temple: 242 daAuts
